 Dungeon Crawl Stone Soup version 0.19.0-16-g73b5abf (webtiles) character file.

90 Andry07 the Skirmisher (level 4, -2/32 HPs)
             Began as a Gargoyle Fighter on Nov 10, 2016.
             Slain by a small abomination (10 damage)
             ... on level 1 of the Abyss.
             The game lasted 00:02:35 (1739 turns).

Andry07 the Skirmisher (Gargoyle Fighter)           Turns: 1739, Time: 00:02:35

Health: -2/32      AC: 11    Str: 20    XL:     4   Next: 56%
Magic:  4/4        EV:  7    Int:  9    God:
Gold:   96         SH:  9    Dex:  9    Spells: 0 memorised, 3 levels left

rFire  . . .     SeeInvis .     a - +0 war axe
rCold  . . .     Gourm    .     b - +0 scale mail
rNeg   + . .     Faith    .     c - +0 shield
rPois  ∞         Spirit   .     (no helmet)
rElec  +         Reflect  .     (no cloak)
rCorr  .         Harm     .     p - +0 pair of gloves
MR     .....                    (no boots)
Stlth  ..........               (no amulet)
                                (no ring)
                                (no ring)

@: no status effects
A: negative energy resistance 1, electricity resistance, unbreathing,
petrification resistance, rot immunity, AC +3
a: no special abilities


You were on level 1 of the Abyss.
You were hungry.

You visited 1 branch of the dungeon, and saw 3 of its levels.
You visited the Abyss 1 time.

You collected 96 gold pieces.

Inventory:

Hand Weapons
 a - a +0 war axe (weapon)
Armour
 b - a +0 scale mail (worn)
 c - a +0 shield (worn)
 p - a +0 pair of gloves (worn)
Jewellery
 n - an uncursed ring of magical power {unknown}
Scrolls
 h - a scroll of teleportation {unknown}
 j - 2 scrolls of remove curse {unknown}
 k - 3 scrolls of recharging {unknown}
 l - a scroll of identify {unknown}
Potions
 d - a potion of might
 e - a potion of flight {unknown}
 i - a potion of resistance {unknown}
 m - 3 potions of invisibility {unknown}
 o - a potion of heal wounds {unknown}
 r - a potion of agility {unknown}
Comestibles
 f - 4 bread rations
 g - a slice of pizza
 q - a chunk of flesh


   Skills:
 + Level 5.7 Fighting
 - Level 1.7 Axes
 - Level 3.2 Armour
 - Level 3.2 Shields


You had 3 spell levels left.
You didn't know any spells.

Dungeon Overview and Level Annotations

Branches:
Dungeon (3/15)

Altars:


Innate Abilities, Weirdness & Mutations

You are resistant to torment.
Your stone body is resilient. (AC +3)
You are immune to poison.
You resist negative energy. (rN+)
You are resistant to electric shocks. (rElec)
You can survive without breathing.
You are immune to petrification.
You are immune to rotting.


Message History

A starcursed mass comes into view.
The starcursed mass shrieks in your mind.
A starcursed mass splits.
A starcursed mass splits.
Found a chain mail.
A large abomination comes into view.
Found a corrupted altar of Lugonu.
There is a corrupted altar of Lugonu here.
A small abomination comes into view.
A small abomination comes into view.
The small abomination hits you!
The small abomination hits you but does no damage.
The small abomination hits you.
* * * LOW HITPOINT WARNING * * *
The small abomination hits you.
* * * LOW HITPOINT WARNING * * *
You block the small abomination's attack.
You block the small abomination's attack.
The small abomination hits you!
You die...

# ## .# ## #. # .# .
#### #. .# # # .
#.###.## .. #.# #. ##
..#...#...# .#..##. #
. #.......# #.
..#...#####x@# #
#.###. ##.#..#.#
###.#.#.....#.#....#
.. .#.#.#. .x.###.##
###..#.. .#.##.. ...
.###...#.......#####.#
.....## .#.##... #
##..## #.#.# ###. ## #
#.. .


You could see 2 small abominations.

Vanquished Creatures
  Ijyb (D:2)
  An adder (D:2)
  An adder skeleton (D:2)
  A worm (D:2)
  5 dart slugs (D:1)
  4 orcs
  4 bats (D:1)
  A bat skeleton (D:2)
  A bat zombie (D:2)
  3 giant cockroaches
  A hobgoblin (D:1)
  3 kobolds (D:1)
  2 ball pythons (D:1)
  A ball python skeleton (D:2)
  2 frilled lizards
  2 goblins
  A leopard gecko skeleton (D:2)
  5 rats
39 creatures vanquished.

Notes
Turn   | Place    | Note
-------+----------+-------------------------------------------
     0 | D:1      | Andry07 the Gargoyle Fighter began the quest for the Orb.
     0 | D:1      | Reached XP level 1. HP: 14/14 MP: 1/1
    47 | D:1      | Reached XP level 2. HP: 16/20 MP: 2/2
    94 | D:1      | Reached skill level 4 in Fighting
   252 | D:1      | Reached XP level 3. HP: 15/24 MP: 3/3
  1496 | D:2      | Reached skill level 5 in Fighting
  1597 | D:3      | Noticed Ijyb
  1598 | D:3      | Reached XP level 4. HP: 31/31 MP: 4/4
  1618 | D:2      | Killed Ijyb
  1631 | D:3      | Cast into level 1 of the Abyss (orc wizard)
  1682 | Abyss:1  | Noticed a starcursed mass
  1696 | Abyss:1  | Noticed a large abomination
  1704 | Abyss:1  | Found a corrupted altar of Lugonu.
  1714 | Abyss:1  | Noticed a small abomination
  1716 | Abyss:1  | Noticed a small abomination
  1739 | Abyss:1  | Slain by a small abomination

Skill      XL: |  1  2  3 |
---------------+----------+-----
Fighting       | 4 5 |  5.7
Axes           | |  1.7
Armour         | |  3.2
Shields        | |  3.2

Action                   |  1- 3 |  4- 6 || total
-------------------------+-------+-------++-------
Melee: War axe           |   122 |    18 ||   140
  Eat: Chunk             |     1 |     1 ||     2
Armor: Scale mail        |    83 |    17 ||   100
Dodge: Dodged            |    44 |    12 ||    56
Block: Shield            |    61 |    15 ||    76
